 Dungeon Crawl Stone Soup version 0.21.1-1-g345015fe64 (webtiles) character file.

6377 Peloso the Carver (level 10, -14/91 HPs)
             Began as a Minotaur Fighter on Mar 29, 2018.
             Was a High Priest of Okawaru.
             Demolished by a komodo dragon (27 damage)
             ... on level 9 of the Dungeon.
             The game lasted 00:15:19 (7749 turns).

Peloso the Carver (Minotaur Fighter)                Turns: 7749, Time: 00:15:20

Health: -14/91     AC: 15    Str: 22    XL:     10   Next: 65%
Magic:  9/9        EV:  8    Int:  5    God:    Okawaru [*****.]
Gold:   479        SH: 12    Dex: 12    Spells: 9/9 levels left

rFire    . . .     SeeInvis +   a - +1 long sword
rCold    . . .     Gourm    .   c - +0 shield
rNeg     . . .     Faith    .   b - +0 chain mail
rPois    +         Spirit   .   h - +2 hat
rElec    .         Reflect  .   (no cloak)
rCorr    .         Harm     .   J - +1 pair of gloves
MR       .....                  (no boots)
Stlth    ..........             (no amulet)
HPRegen  0.25/turn              o - ring of poison resistance
MPRegen  0.11/turn              t - ring of see invisible

@: no status effects
A: retaliatory headbutt, horns 2
a: Heroism, Finesse, Renounce Religion


You were on level 9 of the Dungeon.
You worshipped Okawaru.
Okawaru was extremely pleased with you.
You were not hungry.

You visited 2 branches of the dungeon, and saw 10 of its levels.

You collected 479 gold pieces.

Inventory:

Hand Weapons
 a - a +1 long sword (weapon)
Armour
 b - a +0 chain mail (worn)
 c - a +0 shield (worn)
 h - a +2 hat (worn)
 J - a +1 pair of gloves (worn)
Jewellery
 o - a ring of poison resistance (left hand)
 t - a ring of see invisible (right hand)
Wands
 d - a wand of digging (51)
 q - a wand of iceblast (9)
 z - a wand of polymorph (11)
 E - a wand of random effects (33)
 G - a wand of paralysis (6)
Scrolls
 g - 4 scrolls of fog
 l - 2 scrolls of magic mapping
 n - a scroll of blinking
 r - 3 scrolls of remove curse
 x - a scroll of amnesia
 A - a scroll of teleportation {unknown}
 C - a scroll of enchant armour
Potions
 e - 2 potions of curing
 i - 3 potions of flight
 j - 2 potions of cancellation
 k - 5 potions of resistance
 m - a potion of haste
 p - 3 potions of brilliance
 s - a potion of agility {unknown}
 u - a potion of heal wounds {unknown}
 v - a potion of experience {unknown}
 w - a potion of invisibility {unknown}
 B - a potion of lignification {unknown}
 D - a potion of degeneration {unknown}
 I - a potion of ambrosia {unknown}
Books
 y - the Collected Works on Enchantment
   (You found it on level 4 of the Dungeon)

   Spells                             Type                      Level
   a - Ensorcelled Hibernation        Hexes/Ice                    2
   b - Dazzling Spray                 Conjuration/Hexes            3
   c - Summon Guardian Golem          Hexes/Summoning              3
   d - Silence                        Hexes/Air                    5
   e - Darkness                       Hexes                        6
Comestibles
 f - 20 rations
 F - 5 chunks of flesh


   Skills:
 + Level 9.0 Fighting
 + Level 12.2 Long Blades
 + Level 8.5 Armour
 + Level 3.3 Dodging
 + Level 1.1 Stealth
 + Level 9.8 Shields


You had 9 spell levels left.
You didn't know any spells.

Dungeon Overview and Level Annotations

Branches:
Dungeon (9/15)             Temple (1/1) D:4            Lair (0/6) D:9
    Orc: D:9-12

Altars:
Ashenzari
Cheibriados
Dithmenos
Elyvilon
Fedhas
Gozag
Hepliaklqana
Kikubaaqudgha
Makhleb
Nemelex Xobeh
Okawaru
Qazlal
Sif Muna
Trog
Uskayaw
Vehumet
Wu Jian
Xom
Yredelemnul
Zin
The Shining One


Innate Abilities, Weirdness & Mutations

You reflexively headbutt those who attack you in melee.
You have a pair of horns on your head.


Message History

You slash the komodo dragon!
The komodo dragon is severely wounded.
The komodo dragon bites you!
Unknown command.
You hit the komodo dragon but do no damage.
You headbutt the komodo dragon.
The komodo dragon is almost dead.
The komodo dragon bites you!!
* * * LOW HITPOINT WARNING * * *
Unknown command.
You barely miss the komodo dragon.
The komodo dragon is almost dead.
The komodo dragon bites you!
* * * LOW HITPOINT WARNING * * *
Unknown command.
You hit the komodo dragon.
The komodo dragon is almost dead.
Okay, then.
The komodo dragon bites you!!
You die...

#.'.......'.####.[....### #..##
..#.......#....'......'.#####....
. #.......######......#..........
#.......# #(.....#######....
######### ######### ##### #>#
###..#.##.#######
##.#####.#.##...÷.†....##
#......##........###....##
.###...#†...l@....#.##.###..##
#...%.........###.####### ###..
....!...[...#..#### ###
.#.....#...####... #..##....#.#
###.# ## ###.#### ##


You could see a komodo dragon.

Vanquished Creatures
  The ghost of supermoro the Covered, a novice HuFi (D:5)
  A komodo dragon (D:9)
  The ghost of Gitz the Chopper, an amateur DsBe of Trog (D:3)
  Prince Ribbit (D:7)
  2 hippogriffs
  2 wyverns
  4 hogs (D:8)
  A human (D:8)
  Menkaure (D:7)
  2 water moccasins (D:9)
  Duvessa (D:7)
  A black bear (D:6)
  An ice beast (D:6)
  A swamp drake (D:9)
  2 orc warriors
  An eye of draining (D:6)
  3 ogres
  2 sky beasts (D:5)
  2 centaurs
  3 crocodiles (D:9)
  A big kobold (D:6)
  6 bullfrogs
  A wyvern skeleton (D:6)
  Dowan (D:7)
  2 scorpions (D:6)
  5 wights (D:6)
  3 crimson imps
  8 hounds
  A bullfrog zombie (D:7)
  A jelly (D:9)
  A centaur skeleton (D:8)
  A gnoll shaman (D:9)
  5 orc priests
  6 orc wizards
  An iguana (D:8)
  5 worker ants
  A hound skeleton (D:4)
  2 worker ant zombies
  Robin (D:4)
  9 gnolls
  11 adders
  4 shadow imps
  2 adder zombies
  3 adder skeletons
  2 worms
  2 dart slugs (D:1)
  6 leopard geckos
  32 orcs
  4 bats
  12 giant cockroaches
  11 goblins
  12 hobgoblins
  6 kobolds
  4 quokkas
  5 ball pythons
  5 frilled lizards
  6 rats
  A plant (D:5)
222 creatures vanquished.

Notes
Turn   | Place    | Note
-------+----------+-------------------------------------------
     0 | D:1      | Peloso the Minotaur Fighter began the quest for the Orb.
     0 | D:1      | Reached XP level 1. HP: 19/19 MP: 0/0
   184 | D:1      | Reached XP level 2. HP: 22/27 MP: 1/1
   889 | D:2      | Found a shattered altar of Ashenzari.
   889 | D:2      | Found an opulent altar of Gozag.
   889 | D:2      | Found a basalt altar of Yredelemnul.
   897 | D:2      | Found a glowing silver altar of Zin.
   932 | D:2      | Reached XP level 3. HP: 33/33 MP: 2/2
  1273 | D:2      | Found a burning altar of Makhleb.
  1280 | D:2      | Reached skill level 3 in Long Blades
  1394 | D:3      | Reached XP level 4. HP: 40/40 MP: 3/3
  1412 | D:3      | Noticed Gitz's ghost (amateur DsBe)
  1639 | D:3      | Killed Gitz's ghost
  1639 | D:3      | Reached skill level 4 in Long Blades
  1639 | D:3      | Reached skill level 1 in Dodging
  1639 | D:3      | Reached skill level 1 in Stealth
  1639 | D:3      | Reached skill level 5 in Shields
  1639 | D:3      | Reached XP level 5. HP: 31/47 MP: 4/4
  1639 | D:3      | Reached XP level 6. HP: 36/53 MP: 5/5
  1816 | D:3      | Reached skill level 5 in Armour
  1870 | D:3      | Found a bloodstained altar of Trog.
  2169 | D:4      | Identified the Collected Works on Enchantment
  2241 | D:4      | Noticed Robin
  2249 | D:4      | Killed Robin
  2249 | D:4      | Reached skill level 5 in Long Blades
  2639 | D:4      | Found a staircase to the Ecumenical Temple.
  2652 | Temple   | Entered the Ecumenical Temple
  2860 | Temple   | Became a worshipper of Warmaster Okawaru
  3096 | D:5      | Entered Level 5 of the Dungeon
  3112 | D:5      | Noticed supermoro's ghost (novice HuFi)
  3130 | D:5      | Killed supermoro's ghost
  3130 | D:5      | Reached * piety under Okawaru
  3130 | D:5      | Reached ** piety under Okawaru
  3130 | D:5      | Reached skill level 5 in Fighting
  3130 | D:5      | Reached skill level 6 in Long Blades
  3130 | D:5      | Reached XP level 7. HP: 32/61 MP: 6/6
  3134 | D:5      | Reached skill level 7 in Long Blades
  3184 | D:5      | Reached XP level 8. HP: 23/68 MP: 7/7
  3397 | D:5      | Found a shadowy altar of Dithmenos.
  3400 | D:5      | Found a glowing silver altar of Zin.
  3737 | D:5      | Found a hazy altar of Hepliaklqana.
  3766 | D:5      | Reached skill level 8 in Long Blades
  4057 | D:5      | Found a hide-covered altar of Uskayaw.
  4398 | D:6      | Reached skill level 9 in Long Blades
  4432 | D:6      | Reached *** piety under Okawaru
  4442 | D:6      | Reached XP level 9. HP: 50/75 MP: 4/8
  4658 | D:6      | Reached skill level 10 in Long Blades
  5416 | D:6      | Reached **** piety under Okawaru
  5885 | D:7      | Noticed Dowan
  5895 | D:7      | Killed Dowan
  5907 | D:7      | Noticed Prince Ribbit
  5940 | D:7      | Killed Prince Ribbit
  5946 | D:7      | Noticed Duvessa
  5956 | D:7      | Killed Duvessa
  5998 | D:7      | Noticed Menkaure
  6002 | D:7      | Killed Menkaure
  6200 | D:7      | Reached ***** piety under Okawaru
  6200 | D:7      | Reached skill level 11 in Long Blades
  6229 | D:7      | Reached XP level 10. HP: 39/88 MP: 9/9
  7614 | D:9      | Reached skill level 12 in Long Blades
  7723 | D:9      | Found a staircase to the Lair.
  7749 | D:9      | Demolished by a komodo dragon

Skill      XL: |  1  2  3  4  5  6  7  8  9 10 |
---------------+-------------------------------+-----
Fighting       | 4 5 6 8 9 |  9.0
Shields        | 4 5 6 7 9 |  9.8
Long Blades    | 3 4 6 7 9 11 12 | 12.2
Armour         | 4 5 6 7 8 |  8.5
Dodging        | 1 2 3 |  3.3
Stealth        | 1 |  1.1

Action                   |  1- 3 |  4- 6 |  7- 9 | 10-12 || total
-------------------------+-------+-------+-------+-------++-------
Melee: Long sword        |    67 |   169 |   375 |   196 ||   807
       Headbutt          |     6 |    27 |    92 |    43 ||   168
Invok: Heroism           |       |       |       |     1 ||     1
  Use: Scroll            |     3 |       |     3 |    11 ||    17
       Potion            |       |     2 |     1 |       ||     3
  Eat: Chunk             |     1 |     4 |     9 |     6 ||    20
       Ration            |       |     1 |       |       ||     1
Armor: Scale mail        |    36 |    26 |       |       ||    62
       Chain mail        |       |    51 |   167 |    77 ||   295
Dodge: Dodged            |    24 |    47 |   108 |    36 ||   215
Block: Shield            |    29 |    86 |   224 |   110 ||   449
       Rpst.: Long sword |     5 |    14 |    21 |    13 ||    53
